[Event "Betsys MČR v online bleskovém šachu 2021"]
[Site "Chess.com"]
[Date "2021.04.17"]
[Round "12"]
[White "Richarlito"]
[Black "fm_magua"]
[Result "0-1"]
[WhiteElo "2076"]
[BlackElo "2496"]
[TimeControl "180+1"]
[EndTime "10:59:44 PDT"]
[Termination "Uživatel fm_magua zvítězil po vzdání soupeře"]

1. e4 c5 2. c3 Nf6 3. e5 Nd5 4. Bc4 Nb6 5. Bb3 c4 6. Bc2 Nc6 7. Nf3 Qc7 8. Qe2 g5 9. h3 Bg7 10. d4 cxd3 11. Bxd3 Nxe5 12. Bxg5 Nxd3+ 13. Qxd3 d6 14. Nbd2 Be6 15. Nd4 Bc4 16. Nxc4 Qxc4 17. Qxc4 Nxc4 18.
b3 Ne5 19. Kd2 Rc8 20. Rhe1 Rg8 21. Nf5 Kd7 22. Nxe7 Nf3+ 23. gxf3 Bxc3+ 24. Kd3 Rxg5 25. Nxc8 Bxa1 26. Nxd6 Kxd6 27. Rxa1 Rg2 28. Ke3 Rh2 29. Rd1+ Ke6 30. Kf4 Rxh3 31. Kg4 Rh6 32. Re1+ Kd5 33.
Re7 Rg6+ 34. Kf5 Rg2 35. Rxf7 Rxf2 36. Rxh7 Rxf3+ 37. Kg4 Rf2 38. Rxb7 Rxa2 39. Kf4 Kd4 40. b4 a6 41. Rb6 Kc4 42. Ke4 Re2+ 43. Kf3 Ra2 44. Ke4 Ra4 45. Ke3 Kc3 46. Ke4 Rxb4+ 47. Rxb4 Kxb4 48. Kd3 Kb3 49. Kd2 Kb2 50. Kd3 a5 51.
Kc4 a4 0-1

[Event "Betsys MČR v online bleskovém šachu 2021"]
[Site "Chess.com"]
[Date "2021.04.17"]
[Round "12"]
[White "Honza_13"]
[Black "OlifantCZ"]
[Result "1-0"]
[WhiteElo "1985"]
[BlackElo "2252"]
[TimeControl "180+1"]
[EndTime "10:59:47 PDT"]
[Termination "Uživatel Honza_13 zvítězil po vzdání soupeře"]

1. Nf3 Nf6 2. g3 g6 3. b3 Bg7 4. Bb2 O-O 5. Bg2 b6 6. O-O Bb7 7. d4 c5 8. c4 d6 9. d5 e6 10.
Nc3 exd5 11. Nxd5 Nxd5 12. Bxg7 Kxg7 13. cxd5 Nd7 14. Qd3 Qf6 15. Rfd1 Rfe8 16. Rac1 Re7 17. e3 Rae8 18. Rc4 Ne5 19. Nxe5 Qxe5 20. Re4 Qb2 21. Rd2 Qa1+ 22. Rd1 Qf6 23. Rf4 Qg5 24. h4 Qh6 25. Qc3+ Kg8 26. Qf6 Rd7 27. Bh3 Rdd8 28. Qxf7+ Kh8 29.
Qxb7 g5 30. Rf7 gxh4 31. Bf5 1-0

[Event "Betsys MČR v online bleskovém šachu 2021"]
[Site "Chess.com"]
[Date "2021.04.17"]
[Round "12"]
[White "Michal5"]
[Black "Molefancier"]
[Result "0-1"]
[WhiteElo "1191"]
[BlackElo "1081"]
[TimeControl "180+1"]
[EndTime "10:59:49 PDT"]
[Termination "Uživatel Molefancier zvítězil po vzdání soupeře"]

1. e4 c6 2. d4 d5 3. Nc3 Nf6 4.
exd5 Nxd5 5. Nxd5 cxd5 6. Bf4 Nc6 7. Bb5 a6 8. Ba4 b5 9. Bb3 e6 10.
Nf3 Be7 11. Ne5 Nxe5 12. Bxe5 O-O 13. O-O f6 14. Bf4 Bd6 15. Bxd6 Qxd6 16. Re1 Bb7 17.
c3 Rae8 18. Bc2 e5 19. dxe5 fxe5 20. Qg4 Bc8 21. Qh4 Bf5 22. Bxf5 Rxf5 23. Rad1 Ref8 24.
h3 Rxf2 25. Qxf2 Rxf2 26. Kxf2 Qf6+ 27. Kg1 Qe6 28. Rf1 e4 29. Rde1 Qb6+ 30. Kh2 Qa5 31.
a3 Qc7+ 32. Kh1 Qc4 33. Rf2 Qd3 34. Ref1 h6 35. Rf8+ Kh7 36. R8f2 e3 37. Rf3 Qd2 38. Kh2 e2 39. R1f2 0-1

[Event "Betsys MČR v online bleskovém šachu 2021"]
[Site "Chess.com"]
[Date "2021.04.17"]
[Round "12"]
[White "tudlenudle"]
[Black "pohoda1966"]
[Result "1-0"]
[WhiteElo "1949"]
[BlackElo "1719"]
[TimeControl "180+1"]
[EndTime "10:59:51 PDT"]
[Termination "Uživatel tudlenudle zvítězil matem"]

1. e4 e5 2. Nf3 Nc6 3. d4 exd4 4. Nxd4 d6 5. Nc3 a6 6. Bf4 Be7 7. Qd2 Nf6 8. O-O-O O-O 9. h4 Nxd4 10. Qxd4 Be6 11. Kb1 Nh5 12. Be3 Bf6 13. Qd2 g6 14. Be2 Ng7 15. g4 Bxc3 16. Qxc3 f5 17. exf5 gxf5 18. Bd4 Qe7 19. g5 c5 20. Bf6 Qf7 21. Rxd6 Bxa2+ 22. Ka1 Rae8 23. Bf3 Bc4 24. Bxg7 Qxg7 25. Qxc4+ Kh8 26. Rhd1 Rf7 27. Rd8 Re7 28. Bxb7 h5 29. gxh6 Qxh6 30. Qc3+ Kh7 31. Rxe8 Rxe8 32. Rd7+ Kg6 33. Qg3+ Kh5 34. Bf3# 1-0

[Event "Betsys MČR v online bleskovém šachu 2021"]
[Site "Chess.com"]
[Date "2021.04.17"]
[Round "12"]
[White "sajmon8"]
[Black "Classemence"]
[Result "0-1"]
[WhiteElo "1650"]
[BlackElo "1886"]
[TimeControl "180+1"]
[EndTime "10:59:54 PDT"]
[Termination "Uživatel Classemence zvítězil matem"]

1. e4 e5 2. Nf3 Nc6 3. Bb5 a6 4. Bxc6 dxc6 5. O-O Bg4 6. h3 h5 7. Nc3 Qf6 8. d3 Bxf3 9. Qxf3 Qxf3 10. gxf3 Bd6 11. Be3 f6 12. d4 O-O-O 13. Rad1 Ne7 14. dxe5 Bxe5 15. f4 Bxc3 16. bxc3 b6 17. e5 Nd5 18.
exf6 gxf6 19. c4 Nxe3 20. fxe3 Rxd1 21. Rxd1 f5 22. Kf2 Rg8 23. Kf3 c5 24. Rd5 Rf8 25. Re5 Kb7 26. Re6 Rd8 27. Rh6 Rd2 28. Rxh5 Rxc2 29.
Rxf5 Rxa2 30. h4 Rh2 31. h5 a5 32. Kg3 Rh1 33. e4 a4 34. e5 a3 35. e6 a2 36. e7 a1=Q 37. e8=Q Qg1+ 38. Kf3 Rh3+ 39.
Ke2 Rh2+ 40. Kd3 Qd4# 0-1

[Event "Betsys MČR v online bleskovém šachu 2021"]
[Site "Chess.com"]
[Date "2021.04.17"]
[Round "12"]
[White "Sfreedom01"]
[Black "JanBaraCZE"]
[Result "0-1"]
[WhiteElo "1334"]
[BlackElo "1591"]
[TimeControl "180+1"]
[EndTime "10:59:55 PDT"]
[Termination "Uživatel JanBaraCZE zvítězil po vzdání soupeře"]

1. e4 c5 2. c3 Nc6 3. d4 cxd4 4. cxd4 Nf6 5. e5 Nd5 6. Nc3 Nxc3 7. bxc3 d6 8. Bb5 dxe5 9. Bxc6+ bxc6 10. dxe5 Qxd1+ 11. Kxd1 Bb7 12. Kc2 c5 13. f3 O-O-O 14. Be3 e6 15.
Ne2 g6 16. Rhd1 Rxd1 17. Rxd1 Ba6 18. Rd2 Kc7 19. f4 Be7 20. g3 Rb8 21. Nc1 c4 22.
Bxa7 Rb7 23. Bd4 Ba3 24. h3 Rb2+ 25. Kd1 Rb1 26. Rc2 Bb5 27. Ke2 Rxc1 28. Rd2 Rh1 29. Kf3 Bc6+ 30. Kg4 h5+ 31. Kg5 Rxh3 32. Kf6 Rxg3 33.
Kxf7 Rf3 34. Kxg6 Rxf4 35. Kxh5 Bf3+ 36. Kg5 Re4 37. Kf6 Bc1 38. Rh2 Bg4 39. Rh7+ Kc6 40. Rh8 Rf4+ 41. Kg5 Rf8+ 42. Kxg4 Rxh8 43. Kf3 Ra8 44.
Kg4 Rxa2 45. Kh5 Rd2 46. Kg6 Kd5 47. Kf6 Rxd4 48. cxd4 Kxd4 0-1

[Event "Betsys MČR v online bleskovém šachu 2021"]
[Site "Chess.com"]
[Date "2021.04.17"]
[Round "12"]
[White "Rubinus"]
[Black "machonza"]
[Result "0-1"]
[WhiteElo "2146"]
[BlackElo "2039"]
[TimeControl "180+1"]
[EndTime "10:59:57 PDT"]
[Termination "Uživatel machonza zvítězil na čas"]

1. e4 c5 2. Nf3 d6 3. d4 cxd4 4.
Nxd4 Nf6 5. Nc3 a6 6. Bg5 Nbd7 7.
f4 Qa5 8. Qd2 h6 9. Bxf6 Nxf6 10.
Bd3 e6 11. Nb3 Qc7 12. O-O-O Be7 13. h3 b5 14. g4 Bb7 15. Qe3 Rc8 16. Rd2 Nd7 17. f5 Bg5 18. Qf3 Ne5 19. Qg3 b4 20.
Nd1 d5 21. fxe6 dxe4 22. exf7+ Kf8 23. Kb1 Bxd2 24. Rh2 exd3 25. c4 bxc3 26. bxc3 Bxc3 27. Rf2 d2 28. Nxc3 Qxc3 29. Qxc3 d1=Q+ 0-1

[Event "Betsys MČR v online bleskovém šachu 2021"]
[Site "Chess.com"]
[Date "2021.04.17"]
[Round "12"]
[White "ReitteN"]
[Black "lupinek23"]
[Result "1-0"]
[WhiteElo "1773"]
[BlackElo "1594"]
[TimeControl "180+1"]
[EndTime "11:00:04 PDT"]
[Termination "Uživatel ReitteN zvítězil po vzdání soupeře"]

1. c4 d5 2. cxd5 Qxd5 3. Nc3 Qd8 4. g3 Nf6 5. Bg2 e5 6. d3 Bb4 7. Nf3 Nc6 8. a3 Bxc3+ 9. bxc3 O-O 10. O-O h6 11. Be3 Bg4 12. h3 Bh5 13. Qb3 Rb8 14. Rab1 Qd7 15. Kh2 Nd5 16. Bc5 b6 17. Bxf8 Rxf8 18.
c4 Nf6 19. Qc2 Bg6 20. e4 Rd8 21. Rfd1 Nh5 22. Bf1 f5 23. c5 Nf6 24. cxb6 axb6 25. Rbc1 Nd4 26. Nxd4 Qxd4 27. Qc4+ Qxc4 28. dxc4 Ra8 29.
exf5 Bxf5 30. Ra1 Ne4 31. Kg1 Nc3 32. Bg2 Ne2+ 33. Kf1 Nc3 34. Bxa8 1-0

[Event "Betsys MČR v online bleskovém šachu 2021"]
[Site "Chess.com"]
[Date "2021.04.17"]
[Round "12"]
[White "vaclavbelaska"]
[Black "jarosymon"]
[Result "0-1"]
[WhiteElo "1378"]
[BlackElo "1707"]
[TimeControl "180+1"]
[EndTime "11:00:06 PDT"]
[Termination "Uživatel jarosymon zvítězil matem"]

1. d4 d5 2. c4 e6 3. Nc3 c5 4.
e3 Nf6 5. Nf3 a6 6. a3 dxc4 7.
dxc5 Qxd1+ 8. Kxd1 Bxc5 9. Bxc4 b5 10. b4 Bb6 11. Bb3 Bb7 12. Bb2 Nc6 13. Ke2 Ke7 14.
Rad1 Rhd8 15. Rxd8 Rxd8 16. Rd1 Rxd1 17. Kxd1 Nb8 18.
Ke2 Nbd7 19. Nb1 Bd5 20. Bxd5 Nxd5 21. Bd4 f6 22. Bxb6 N7xb6 23. Nd4 Nc4 24. g3 e5 25. e4 exd4 26. exd5 Kd6 27. Kd3 Kxd5 28. f4 g5 29. fxg5 Ne5+ 30. Kd2 fxg5 31. Ke2 Kc4 32.
Nd2+ Kd5 33. Nf3 h6 34. Nxe5 Kxe5 35. Kd3 g4 36. Kd2 Ke4 37. Ke2 d3+ 38. Kd2 Kd4 39.
Kd1 Ke3 40. a4 bxa4 41. b5 axb5 42. h3 gxh3 43. g4 h2 44. g5 h1=Q# 0-1

[Event "Betsys MČR v online bleskovém šachu 2021"]
[Site "Chess.com"]
[Date "2021.04.17"]
[Round "12"]
[White "HerjoAnpe"]
[Black "misa2009"]
[Result "0-1"]
[WhiteElo "1253"]
[BlackElo "1516"]
[TimeControl "180+1"]
[EndTime "11:00:07 PDT"]
[Termination "Uživatel misa2009 zvítězil matem"]

1. d4 Nf6 2. Nf3 d5 3. e3 c5 4.
c3 c4 5. Nbd2 e6 6. b3 b5 7. Bb2 Be7 8. a4 bxa4 9. Rxa4 Bd7 10. Ra1 cxb3 11. Nxb3 Nc6 12. Ba3 O-O 13. Nc5 Bxc5 14.
Bxc5 Ne4 15. Ra3 Nxc5 16. dxc5 Qf6 17. Qd4 Nxd4 18. cxd4 Qf5 19. Nd2 h6 20. Rb3 Rab8 21. Rc3 Rfc8 22. Ba6 Rc6 23. Bb5 Rxb5 24. O-O e5 25.
Ra3 exd4 26. exd4 Qg6 27. Rfa1 Bh3 28. g3 Rb2 29. Rxa7 Rxd2 30. Rb1 Qe4 31. Ra8+ Kh7 32. f3 Qxf3 33. Rb2 Qf1# 0-1

[Event "Betsys MČR v online bleskovém šachu 2021"]
[Site "Chess.com"]
[Date "2021.04.17"]
[Round "12"]
[White "kubajss"]
[Black "Petulak08"]
[Result "0-1"]
[WhiteElo "908"]
[BlackElo "1179"]
[TimeControl "180+1"]
[EndTime "11:00:11 PDT"]
[Termination "Uživatel Petulak08 zvítězil na čas"]

1. e4 e5 2. Nf3 Nc6 3. Bc4 Nf6 4. d3 Bc5 5. Bg5 h6 6. Bxf6 Qxf6 7. Nc3 Nd4 8. Nxd4 Bxd4 9. O-O d6 10. Nd5 Qd8 11. c3 Bb6 12. Qf3 Be6 13. Rad1 Qd7 14. Nxb6 axb6 15. Bxe6 Qxe6 16. a3 Qb3 17. Rb1 O-O 18. Rfd1 Ra4 19. Qe3 Rfa8 20. d4 exd4 21. Rxd4 Rxd4 22.
Qxd4 Rxa3 23. Qd2 Ra2 24. h3 b5 25. e5 dxe5 26. Qd8+ Kh7 27. Qxc7 f6 28. Qxb7 Rxb2 29. Rf1 Qxc3 30. Qe4+ Kg8 31. Qa8+ Kf7 32. Rd1 Qc5 33.
Kh1 Qxf2 34. Rd7+ Kg6 35. Qe4+ f5 0-1

[Event "Betsys MČR v online bleskovém šachu 2021"]
[Site "Chess.com"]
[Date "2021.04.17"]
[Round "12"]
[White "Naty139"]
[Black "jsulc"]
[Result "0-1"]
[WhiteElo "2202"]
[BlackElo "2105"]
[TimeControl "180+1"]
[EndTime "11:00:12 PDT"]
[Termination "Uživatel jsulc zvítězil matem"]

1. e4 e5 2. Nf3 Nc6 3. Bc4 Nf6 4. d3 Be7 5. O-O d6 6. Re1 O-O 7. Nbd2 Na5 8. c3 c5 9. Bb5 a6 10. Ba4 b5 11. Bc2 Nc6 12. Nf1 Be6 13. d4 cxd4 14.
cxd4 Bg4 15. d5 Nd4 16. N1d2 Rc8 17. Bd3 Qd7 18. h3 Bh5 19. Re3 Bd8 20. b3 Bb6 21. Re1 Rc3 22. Be2 Bxf3 23. Bxf3 Nc2 24. Bb2 Rcc8 25. Rf1 Nxa1 26. Bxa1 Ba5 27. Bb2 Qc7 28. Ba3 Rfd8 29. g4 Qc2 30. g5 Ne8 31. Nb1 Qxa2 32. b4 Bb6 33. Be2 Bd4 34. Bg4 Rc2 35. h4 Rxf2 36. Kh1 Rh2# 0-1

[Event "Betsys MČR v online bleskovém šachu 2021"]
[Site "Chess.com"]
[Date "2021.04.17"]
[Round "12"]
[White "MatejKopecky13"]
[Black "VojtaT"]
[Result "0-1"]
[WhiteElo "1490"]
[BlackElo "1723"]
[TimeControl "180+1"]
[EndTime "11:00:13 PDT"]
[Termination "Uživatel VojtaT zvítězil matem"]

1. e4 c5 2. Nf3 Nc6 3. Nc3 g6 4. Bc4 e6 5. d3 Bg7 6. Bg5 Nge7 7. Qd2 a6 8. a4 Qc7 9. h4 h6 10. Bf4 d6 11. Bb5 axb5 12. Nxb5 Qd7 13. Nxd6+ Kf8 14. Nb5 Bxb2 15. Rb1 Bg7 16. h5 g5 17. Bd6 Rxa4 18. e5 Ra5 19. Nxg5 hxg5 20. Qxg5 Bh6 21. Qf6 Bg7 22. Qg5 Bh6 23. Qh4 Rg8 24. Qf6 Bg5 25.
Qf3 Nxe5 26. Bxe5 Rxb5 27. Rxb5 Qxb5 28. O-O Qc6 29. Qh3 f6 30. Bb2 e5 31. Qh2 Bf4 32.
Qh4 Qxg2# 0-1

[Event "Betsys MČR v online bleskovém šachu 2021"]
[Site "Chess.com"]
[Date "2021.04.17"]
[Round "12"]
[White "povrlak60"]
[Black "polik1112"]
[Result "1-0"]
[WhiteElo "1590"]
[BlackElo "1363"]
[TimeControl "180+1"]
[EndTime "11:00:13 PDT"]
[Termination "Uživatel povrlak60 zvítězil matem"]

1. e4 e6 2. d4 d5 3. e5 c5 4. Nc3 cxd4 5. Nb5 Qa5+ 6. Bd2 Qb6 7. Nf3 a6 8. Nbxd4 Bc5 9. c3 Nc6 10. Qb3 Nxd4 11. cxd4 Bxd4 12. Nxd4 Qxd4 13. Bc3 Qe4+ 14. Kd2 Qf4+ 15. Ke1 Ne7 16. Bd3 Nc6 17. Bd2 Qxe5+ 18.
Kf1 O-O 19. g3 Qd6 20. Kg2 Qc7 21. Rac1 Bd7 22. Bb1 Rab8 23. Qd3 b5 24. Qxh7# 1-0

[Event "Betsys MČR v online bleskovém šachu 2021"]
[Site "Chess.com"]
[Date "2021.04.17"]
[Round "12"]
[White "kaprasov"]
[Black "Daffac"]
[Result "1-0"]
[WhiteElo "1884"]
[BlackElo "2071"]
[TimeControl "180+1"]
[EndTime "11:00:20 PDT"]
[Termination "Uživatel kaprasov zvítězil matem"]

1. d4 e6 2. Nf3 f5 3. Bg5 Nf6 4. e3 h6 5. Bxf6 Qxf6 6. Bd3 Bd6 7. c4 b6 8. Nc3 Bb7 9. e4 fxe4 10. Nxe4 Bb4+ 11. Nfd2 Qf4 12. O-O Bxd2 13. Nxd2 O-O 14. Qe2 Qxd4 15. Ne4 Nc6 16. Rad1 Kh8 17. Nd2 Ne5 18. Nb3 Qf4 19. Bb1 Ng4 20. g3 Qg5 21. h4 Qh5 22. Rxd7 Bf3 23. Qd3 Nf6 24. Rxc7 Qg4 25.
Re1 e5 26. Qg6 Qh3 27. Qxg7# 1-0

[Event "Betsys MČR v online bleskovém šachu 2021"]
[Site "Chess.com"]
[Date "2021.04.17"]
[Round "12"]
[White "chessbeer17"]
[Black "MilosJi"]
[Result "0-1"]
[WhiteElo "2365"]
[BlackElo "2572"]
[TimeControl "180+1"]
[EndTime "11:00:22 PDT"]
[Termination "Uživatel MilosJi zvítězil po vzdání soupeře"]

1. d4 d5 2. c4 e6 3. Nc3 Nf6 4.
Bf4 c6 5. c5 b6 6. b4 a5 7. a3 Ba6 8. Nf3 Be7 9. e3 Bxf1 10.
Kxf1 O-O 11. h3 Nbd7 12. g4 Qc8 13. Kg2 Qb7 14. Qc2 b5 15. Rhb1 axb4 16. axb4 h6 17. Qb2 Ne4 18. Rxa8 Rxa8 19. Ra1 Nxc3 20. Qxc3 Ra6 21.
Nd2 Bf6 22. Nb3 Ra4 23. Na5 Qa6 24. Bc7 g5 25. f4 gxf4 26. exf4 Bg7 27. Kf3 Nf6 28. Be5 Ne4 29. Qb2 f6 30. Bc7 Kf7 31. Re1 Bf8 32. f5 exf5 33. gxf5 Qc8 34. Bf4 Qxf5 35.
Qg2 Ra3+ 36. Re3 Ng5+ 37. Kf2 Qxf4+ 0-1

[Event "Betsys MČR v online bleskovém šachu 2021"]
[Site "Chess.com"]
[Date "2021.04.17"]
[Round "12"]
[White "CZpeeeter"]
[Black "TomasOrnet1"]
[Result "1-0"]
[WhiteElo "1703"]
[BlackElo "1501"]
[TimeControl "180+1"]
[EndTime "11:00:25 PDT"]
[Termination "Uživatel CZpeeeter zvítězil na čas"]

1. d4 d5 2. Nf3 Bg4 3. e3 Nf6 4.
h3 Bxf3 5. Qxf3 c6 6. c4 e6 7. Nc3 Bb4 8. Bd2 Bxc3 9. Bxc3 Ne4 10. Bd3 Nxc3 11. bxc3 Qa5 12. Kd2 Nd7 13. Rhb1 b6 14.
a4 Ne5 15. dxe5 O-O 16. Rb4 Rfd8 17. c5 Qxc5 18. Bxh7+ Kxh7 19. Qh5+ Kg8 20. Rh4 Kf8 21. Qh8+ Ke7 22. Qxg7 Rf8 23. Qf6+ Ke8 24. Rh8 Kd7 25. Rh7 Ke8 26. Rh8 Kd7 27. Rxf8 Rxf8 28. h4 Qe7 29. Qxe7+ Kxe7 30. g4 f5 31. g5 Rh8 32. Rh1 Kf7 33.
h5 Kg7 34. f4 Kf7 35. Kd3 a6 36. c4 Kg7 37. cxd5 1-0

[Event "Betsys MČR v online bleskovém šachu 2021"]
[Site "Chess.com"]
[Date "2021.04.17"]
[Round "12"]
[White "pavelchrz"]
[Black "121pepa"]
[Result "1/2-1/2"]
[WhiteElo "1657"]
[BlackElo "1443"]
[TimeControl "180+1"]
[EndTime "11:00:25 PDT"]
[Termination "Remíza dohodou"]

1. e4 c5 2. Nf3 Nc6 3. d4 cxd4 4.
c3 dxc3 5. Nxc3 e6 6. Bc4 Qc7 7. Qe2 Bb4 8. O-O Nge7 9. Bg5 h6 10. Be3 O-O 11. Nd4 a6 12. Bb3 Ng6 13. Qh5 b5 14.
Nf5 Kh7 15. Nxh6 gxh6 16. Bxh6 Rh8 17. Bf4+ Kg8 18. Qxh8+ Kxh8 19. Bxc7 d6 20. a3 Bc5 21.
Ne2 Kg7 22. Bc2 Ra7 23. b4 Bxf2+ 24. Rxf2 Rxc7 25. Raf1 Bb7 26. Kh1 Nce5 27. Kg1 Rxc2 28. h3 Bxe4 29. Rd1 Bd3 30. Kf1 Bxe2+ 31. Rxe2 Rxe2 32.
Kxe2 Nf4+ 33. Ke3 Nd5+ 34. Kf2 Kf6 35. Rc1 Nd3+ 1/2-1/2

[Event "Betsys MČR v online bleskovém šachu 2021"]
[Site "Chess.com"]
[Date "2021.04.17"]
[Round "12"]
[White "tkokosek007"]
[Black "jonvon640"]
[Result "0-1"]
[WhiteElo "1365"]
[BlackElo "1668"]
[TimeControl "180+1"]
[EndTime "11:00:25 PDT"]
[Termination "Uživatel jonvon640 zvítězil po vzdání soupeře"]

1. b3 e5 2. Bb2 Nc6 3. e3 d6 4. Bb5 Bd7 5. d3 a6 6. Bxc6 Bxc6 7. e4 g6 8. Ne2 Bg7 9. O-O Ne7 10. Nd2 O-O 11.
f4 f5 12. fxe5 dxe5 13. Ng3 f4 14. Ne2 g5 15. Nf3 Ng6 16. Nc3 h5 17. a4 g4 18.
Nd2 Qg5 19. Bc1 Qd8 20. Qe1 Qd4+ 21. Qf2 Qxc3 22. Ba3 Rfd8 23. Nc4 Qd4 24. Na5 Qb6 25. Nxc6 Qxc6 26. Rac1 Bf8 27. Bb2 Bc5 28. d4 exd4 29.
Qd2 d3+ 30. Kh1 Be3 31. Qe1 d2 32. Qd1 dxc1=Q 33. Bxc1 Rxd1 0-1

[Event "Betsys MČR v online bleskovém šachu 2021"]
[Site "Chess.com"]
[Date "2021.04.17"]
[Round "12"]
[White "sodikus"]
[Black "hoacin"]
[Result "0-1"]
[WhiteElo "2268"]
[BlackElo "2547"]
[TimeControl "180+1"]
[EndTime "11:00:26 PDT"]
[Termination "Uživatel hoacin zvítězil matem"]

1. d4 Nf6 2. Bg5 c5 3. d5 Qb6 4. Bxf6 Qxf6 5. Nc3 d6 6. Nf3 g5 7. e4 g4 8. Nd2 Bg7 9. Be2 h5 10. a4 Nd7 11. Nc4 Ne5 12. Nxe5 Qxe5 13. Bb5+ Kf8 14. Be2 Qf4 15. Qd2 Qxd2+ 16. Kxd2 Bd4 17. Raf1 f5 18.
f3 fxe4 19. fxg4+ Kg7 20. gxh5 e6 21. Nxe4 exd5 22. Nxd6 Bxb2 23. Rf7+ Kh6 24. c3 d4 25. Rf6+ Kg7 26. Rg6+ Kf8 27. Rf1+ Ke7 28. Rf7+ Kd8 29. cxd4 Bxd4 30. Bb5 a6 31. Bc4 b5 32. axb5 axb5 33. Bxb5 Ra2+ 34. Kd3 Ra3+ 35. Ke4 Re3+ 36. Kd5 Rxh5+ 37. Kc4 Rc3# 0-1

[Event "Betsys MČR v online bleskovém šachu 2021"]
[Site "Chess.com"]
[Date "2021.04.17"]
[Round "12"]
[White "Krejcak"]
[Black "lockerbieQ"]
[Result "0-1"]
[WhiteElo "1992"]
[BlackElo "1764"]
[TimeControl "180+1"]
[EndTime "11:00:26 PDT"]
[Termination "Uživatel lockerbieQ zvítězil po vzdání soupeře"]

1. e4 c5 2. Nc3 e6 3. f4 Nc6 4.
Nf3 Nge7 5. g3 g6 6. Bg2 Bg7 7. O-O d6 8. d3 O-O 9. Ne2 Nd4 10. c3 Nxf3+ 11. Rxf3 b6 12. Be3 Bb7 13. Rf2 d5 14. e5 Nf5 15. Qd2 Nxe3 16. Qxe3 Qc7 17. d4 cxd4 18.
Nxd4 Ba6 19. g4 Rac8 20. Re1 Qc5 21. f5 exf5 22. gxf5 gxf5 23. Rxf5 Kh8 24. Rh5 f6 25. Qh3 h6 26. Kh1 fxe5 27. Ne6 Qf2 28. Rxh6+ Kg8 29.
Rf1 Bxf1 30. Nxg7 Bxg2+ 31. Qxg2 Qxg2+ 32. Kxg2 Kxg7 33. Rd6 Rcd8 34. Re6 Rfe8 35. Rc6 Kf7 36. h4 d4 37. cxd4 exd4 38. h5 Re6 39. Rc7+ Re7 40. Rc2 d3 41. Rd2 Re2+ 42. Rxe2 dxe2 43. Kf2 Re8 44. Ke1 Kf6 45. b3 Kg5 46. a4 Kxh5 47.
b4 Kg4 48. a5 Kf3 49. axb6 axb6 50. b5 Re7 0-1

[Event "Betsys MČR v online bleskovém šachu 2021"]
[Site "Chess.com"]
[Date "2021.04.17"]
[Round "12"]
[White "mayerrs"]
[Black "phil3"]
[Result "1/2-1/2"]
[WhiteElo "1856"]
[BlackElo "2102"]
[TimeControl "180+1"]
[EndTime "11:00:27 PDT"]
[Termination "Remíza opakováním pozice"]

1. g3 d5 2. Bg2 c6 3. e3 Nf6 4. Ne2 Bf5 5. O-O e6 6. b3 h5 7. h4 a5 8. Bb2 a4 9. d3 Nbd7 10.
Nd2 a3 11. Bc1 Nc5 12. d4 Ncd7 13. c4 Bd6 14. c5 Bc7 15. Re1 Qb8 16. b4 Ng4 17.
Nf1 b6 18. Qb3 bxc5 19. bxc5 Qxb3 20. axb3 Ngf6 21. Rxa3 Rxa3 22. Bxa3 Ke7 23. Ra1 Rb8 24. b4 Ra8 25. Bb2 Rb8 26. Bc3 Ne4 27. Bxe4 Bxe4 28. Ra7 Kd8 29. Nd2 Bf5 30. f3 Bd3 31. Nf4 Bxf4 32.
gxf4 g6 33. Kf2 Kc8 34. e4 Rb7 35. Rxb7 Kxb7 36. Ke3 Bb5 37. f5 Kc8 38. Kf4 exf5 39. exf5 Kd8 40. Kg5 Bd3 41. fxg6 fxg6 42. f4 Ke7 43. Nf3 Ke6 44. Ne5 Nxe5 45. dxe5 Be4 46. Bd2 Bd3 47. Be3 Be4 48. Bd2 Bd3 49. Bc3 Be4 50.
Bb2 Bd3 51. Bc3 1/2-1/2

[Event "Betsys MČR v online bleskovém šachu 2021"]
[Site "Chess.com"]
[Date "2021.04.17"]
[Round "12"]
[White "Miky2610"]
[Black "honzasoucek"]
[Result "0-1"]
[WhiteElo "1803"]
[BlackElo "1651"]
[TimeControl "180+1"]
[EndTime "11:00:27 PDT"]
[Termination "Uživatel honzasoucek zvítězil matem"]

1. c4 c6 2. Nc3 Nf6 3. g3 d5 4. cxd5 cxd5 5. d4 Nc6 6. Bg2 Bf5 7. Bf4 e6 8. Nf3 a6 9. Ne5 Bd6 10. Nxc6 bxc6 11. Qd2 O-O 12. O-O Bxf4 13. Qxf4 Rb8 14. b3 Qa5 15. Na4 Nd7 16. Rfc1 Rfc8 17. Nc5 Nxc5 18.
Rxc5 Qb6 19. Rac1 a5 20. g4 Bg6 21. h4 h6 22. Qd6 a4 23. Rxc6 Rxc6 24. Rxc6 Qb5 25.
bxa4 Qb1+ 26. Kh2 Rb2 27. Rc8+ Kh7 28. Qe7 Rxe2 29. Qf8 Be4 30. Qh8+ Kg6 31. Bxe4+ Qxe4 32. h5+ Kg5 33. Qd8+ f6 34. Qg8 Rxf2+ 35. Kg1 Qg2# 0-1

[Event "Betsys MČR v online bleskovém šachu 2021"]
[Site "Chess.com"]
[Date "2021.04.17"]
[Round "12"]
[White "Petr_Zacek"]
[Black "EXTREME_STRATEGY007"]
[Result "0-1"]
[WhiteElo "1727"]
[BlackElo "1386"]
[TimeControl "180+1"]
[EndTime "11:00:27 PDT"]
[Termination "Uživatel EXTREME_STRATEGY007 zvítězil po vzdání soupeře"]

1. d4 Nf6 2. Nf3 d5 3. c4 c6 4. Nc3 Bf5 5. Bg5 e6 6. cxd5 cxd5 7. e3 Bb4 8. Qb3 Qb6 9. Bxf6 gxf6 10. a3 Bxc3+ 11.
Qxc3 Nc6 12. Be2 Na5 13. b4 Nc6 14. Nh4 Bg6 15. Nxg6 fxg6 16. O-O O-O 17. f4 a5 18.
b5 Ne7 19. a4 Nf5 20. g4 Rac8 21. Qe1 Nxe3 22. Qh4 Qxd4 23. Kh1 Qe4+ 24. Rf3 Rc2 25. Qe1 Nxg4 26. Bd1 Rxh2+ 27. Kg1 Qd4+ 28. Kf1 Rh1+ 29.
Ke2 Qe4+ 0-1

[Event "Betsys MČR v online bleskovém šachu 2021"]
[Site "Chess.com"]
[Date "2021.04.17"]
[Round "12"]
[White "Gicko13"]
[Black "Varinius"]
[Result "1-0"]
[WhiteElo "2164"]
[BlackElo "2397"]
[TimeControl "180+1"]
[EndTime "11:00:28 PDT"]
[Termination "Uživatel Gicko13 zvítězil po vzdání soupeře"]

1. e4 a5 2. d4 b6 3. Bd3 Bb7 4. Nf3 e6 5. O-O g6 6. Qe2 Bg7 7. Nbd2 Ne7 8. e5 d6 9. Ne4 Nbc6 10. Bg5 h6 11. Bf6 Kf8 12. Rad1 Qd7 13. Bb5 Nd5 14. c4 Nf4 15. Qe3 g5 16. d5 exd5 17. cxd5 Qg4 18. Ng3 Nxe5 19. Nxe5 dxe5 20. f3 Qc8 21.
Bxe5 f6 22. Bxf4 gxf4 23. Qxf4 h5 24. Rfe1 Kf7 25. Nf5 Kg6 26. Ne7+ 1-0

[Event "Betsys MČR v online bleskovém šachu 2021"]
[Site "Chess.com"]
[Date "2021.04.17"]
[Round "12"]
[White "Kijonker"]
[Black "svTomas"]
[Result "0-1"]
[WhiteElo "1445"]
[BlackElo "1441"]
[TimeControl "180+1"]
[EndTime "11:00:28 PDT"]
[Termination "Uživatel svTomas zvítězil na čas"]

1. e4 e5 2. Nf3 Nf6 3. Nc3 Bc5 4. Bc4 d5 5. exd5 e4 6. Bb5+ c6 7. dxc6 bxc6 8. Ne5 cxb5 9. O-O O-O 10. h3 Bd4 11. Ng4 Nxg4 12. hxg4 Qh4 13. Nxe4 Bb7 14. d3 f5 15. Bg5 Qxg4 16. Qxg4 fxg4 17. Nd6 Bc6 18. c3 Bf6 19. Bd2 Nd7 20. Nf5 Ne5 21. d4 Nc4 22.
Bc1 Be4 23. Ng3 Bb7 24. b3 Nd6 25. Bf4 Ne4 26. Nf5 Bg5 27. Bxg5 Rxf5 28. Be3 Raf8 29. Rac1 Rh5 0-1

[Event "Betsys MČR v online bleskovém šachu 2021"]
[Site "Chess.com"]
[Date "2021.04.17"]
[Round "12"]
[White "jarda1955"]
[Black "mravecuk"]
[Result "0-1"]
[WhiteElo "2020"]
[BlackElo "2240"]
[TimeControl "180+1"]
[EndTime "11:00:30 PDT"]
[Termination "Uživatel mravecuk zvítězil po vzdání soupeře"]

1. d4 d5 2. c4 e6 3. Nc3 Nf6 4. Bg5 c6 5. e3 Nbd7 6. Nf3 Qa5 7. cxd5 Nxd5 8. Qd2 Nxc3 9. bxc3 b6 10. Bd3 Ba6 11.
O-O Bxd3 12. Qxd3 f6 13. Bf4 Kf7 14. e4 Ba3 15. Rab1 Rac8 16. e5 Rhd8 17. exf6 Nxf6 18. Ng5+ Kg8 19. Be5 Qxe5 20. dxe5 Rxd3 21. exf6 gxf6 22.
Nxe6 Rxc3 23. Rfd1 Kf7 24. Nf4 Rc7 25. Rd8 Rc1+ 26.
Rxc1 Bxc1 27. Nd3 Ba3 28. Kf1 c5 29. Ke2 c4 30. Ne1 Re7+ 31. Kd1 b5 32. Nc2 Bc5 33. f3 Rc7 34. Rb8 a6 35. Ne1 b4 36. f4 a5 37. Nf3 a4 38. Nd2 Be3 39. Ke2 c3 0-1